AoeStats
← martin171088

MegaRandom

509698658Analyzed
4v4 RM · 6d ago on Sep 27, 2026· 23m 39s· 8 players
Game mode
Random Map
Map size
Large (8 player)
Population
200
Speed
Normal
Resources
Standard
Victory
Conquest
Starting age
Dark Age
Ending age
Imperial Age
RankedLock teamsTeams togetherTeam positionsShared explorationLock speedFull tech treeHidden civsTurbo modeCheats
Victory
Defeat
🇩🇪 Jurchens · Germany
1257
+10
🇩🇪 Huns · Germany
1178
+13
🇩🇪 Japanese · Germany
1036
+19
🇩🇪 Burgundians · Germany
984
+36
🇺🇸 Burgundians · United States
1120
-16
🇷🇴 Tatars · Romania
1116
-16
🇪🇸 Mongols · Spain
1099
-15
🇹🇷 Huns · Türkiye
1085
-15
DANERID
0:26 Loom
12:10 Feudal Age
12:54 Double-Bit Axe
17:57 Castle Age
16:44 Bloodlines
16:32 Fletching
16:42 Padded Archer Armor
16:37 Gold Mining
16:39 Stone Mining
16:37 Horse Collar
ionut_s
0:39 Loom
13:28 Feudal Age
15:34 Fishing Lines
18:00 Gold Mining
17:59 Double-Bit Axe
17:58 Horse Collar
21:35 Castle Age
20:14 Fletching
22:29 Medium Warships
23:13 Gold Shaft Mining
22:55 Gillnets
23:23 Bodkin Arrow
ertk
0:34 Loom
12:06 Feudal Age
16:29 Castle Age
14:43 Double-Bit Axe
15:26 Horse Collar
17:38 Wheelbarrow
18:45 Fishing Lines
_StuNNa_
3:33 Double-Bit Axe
11:20 Feudal Age
11:37 Feudal Age
9:54 Loom
11:40 Feudal Age
16:26 Castle Age
14:38 Bow Saw
16:07 Gold Mining
21:03 Imperial Age
19:59 Two-Man Saw
18:45 Horse Collar
20:35 Heavy Plow
martin171088
1:16 Loom
12:56 Feudal Age
13:31 Double-Bit Axe
14:34 Gold Mining
14:30 Horse Collar
22:21 Castle Age
20:35 Bow Saw
21:31 Fletching
23:34 Medium Warships
23:22 Bodkin Arrow
Jeezye
4:50 Loom
11:42 Feudal Age
13:53 Double-Bit Axe
17:07 Castle Age
15:41 Stone Mining
18:09 Medium Warships
19:30 Town Watch
20:56 Scale Mail Armor
22:13 Chain Mail Armor
Trololo
3:51 Loom
10:28 Feudal Age
11:14 Double-Bit Axe
12:07 Fletching
15:06 Horse Collar
17:44 Wheelbarrow
21:05 Castle Age
19:21 Town Watch
23:20 Padded Archer Armor
23:33 Bodkin Arrow
24:16 Medium Warships
24:21 Bow Saw
24:13 Heavy Plow
Fungi93
10:49 Loom
12:43 Feudal Age
11:01 Loom
18:21 Castle Age
16:53 Forging
17:10 Bloodlines
18:43 Double-Bit Axe
Connection lost

Rejoining the realm…

Still unreachable

The connection could not be restored.

Session expired

The server has moved on; the page needs a fresh start.